[ PARTIDA AOE2 · #491142841 ]
UnrankedVietnamitas vs Portuguese
Equipo del jugador · VICT
Equipo rival · DERR
[ ANÁLISIS DE REPETICIÓN · EXTRAÍDO DE LA PARTIDA GRABADA ]
Feudal
11:20
Castillos
14:50
Imperial
35:34
| APM promedio | 71.8 |
| APM pico | 128 |
| eAPM promedio | 47.4 |
| Aldeanos / militares | 225 / 25 |
Foco
⚔️ 34.7% · 🌾 65.3%
Rattan Archer ×11 · Fire Lancer ×8 · Trebuchet (Packed) ×3 · Mangonel ×2 · Scorpion ×1
Feudal
10:00
Castillos
13:30
Imperial
—
| APM promedio | 47.7 |
| APM pico | 80 |
| eAPM promedio | 22.0 |
| Aldeanos / militares | 68 / 55 |
Foco
⚔️ 28.2% · 🌾 71.8%
Monk ×25 · Organ Gun ×11 · Knight ×10 · Mangonel ×6 · Battering Ram ×3
Mapa de la partida
Recursos iniciales + cada clic de construcción. Líneas = muros · curvas = relieve. ◆ oro · ⬟ piedra · ● bayas · ✦ reliquia · ◌ hueco del cierre
Tu base· Abierta — hueco de 7t
Base de avlid· Abierta — hueco de 4t
Terreno inicial suavizado · ◌ = hueco del cierre detectado · pasá el cursor para detalles
Inputs por minuto
— VIT | Hera - - avlid
Build order — VIT | Hera
Primeras 150 de 406 acciones detectadas
| 0:00 | Crear | Villager (Male) |
| 0:00 | Crear | Villager (Male) |
| 0:01 | Crear | Villager (Male) |
| 0:01 | Construir | House |
| 0:02 | Construir | House |
| 0:10 | Crear | Villager (Male) |
| 1:23 | Crear | Villager (Male) |
| 1:24 | Crear | Villager (Male) |
| 1:57 | Crear | Villager (Male) |
| 1:57 | Crear | Villager (Male) |
| 1:59 | Construir | Lumber Camp |
| 2:14 | Crear | Villager (Male) |
| 2:14 | Crear | Villager (Male) |
| 2:45 | Crear | Villager (Male) |
| 2:45 | Crear | Villager (Male) |
| 2:59 | Crear | Villager (Male) |
| 2:59 | Crear | Villager (Male) |
| 3:35 | Crear | Villager (Male) |
| 3:35 | Crear | Villager (Male) |
| 3:50 | Construir | House |
| 3:58 | Crear | Villager (Male) |
| 3:58 | Crear | Villager (Male) |
| 4:01 | Construir | Mill |
| 4:27 | Crear | Villager (Male) |
| 4:27 | Crear | Villager (Male) |
| 4:41 | Crear | Villager (Male) |
| 4:41 | Crear | Villager (Male) |
| 4:41 | Crear | Villager (Male) |
| 5:26 | Crear | Villager (Male) |
| 5:26 | Crear | Villager (Male) |
| 5:30 | Crear | Villager (Male) |
| 5:33 | Construir | House |
| 6:09 | Crear | Villager (Male) |
| 6:09 | Crear | Villager (Male) |
| 6:26 | Crear | Villager (Male) |
| 7:10 | Crear | Villager (Male) |
| 7:12 | Crear | Villager (Male) |
| 7:21 | Construir | House |
| 7:42 | Crear | Villager (Male) |
| 8:14 | Crear | Villager (Male) |
| 8:23 | Crear | Villager (Male) |
| 8:36 | Crear | Villager (Male) |
| 8:46 | Investigar | Feudal Age |
| 8:49 | Construir | Mining Camp |
| 9:41 | Construir | Farm |
| 9:43 | Construir | Farm |
| 9:46 | Construir | Farm |
| 10:31 | Construir | Farm |
| 11:02 | Crear | Villager (Male) |
| 11:20 | Edad | Edad Feudal |
| 11:22 | Construir | Market |
| 11:25 | Construir | Blacksmith |
| 11:27 | Investigar | Double-Bit Axe |
| 11:28 | Investigar | Double-Bit Axe |
| 11:35 | Crear | Villager (Male) |
| 12:08 | Investigar | Castle Age |
| 12:09 | Investigar | Castle Age |
| 12:29 | Investigar | Horse Collar |
| 12:29 | Investigar | Horse Collar |
| 12:31 | Investigar | Double-Bit Axe |
| 12:31 | Investigar | Double-Bit Axe |
| 12:49 | Construir | Farm |
| 12:50 | Construir | Farm |
| 12:53 | Construir | Farm |
| 12:58 | Construir | House |
| 13:00 | Construir | House |
| 13:58 | Construir | Farm |
| 14:49 | Construir | Palisade Wall |
| 14:50 | Edad | Edad de los Castillos |
| 14:54 | Investigar | Bow Saw |
| 14:55 | Investigar | Heavy Plow |
| 14:55 | Crear | Villager (Male) |
| 14:57 | Construir | Siege Workshop |
| 15:03 | Construir | House |
| 15:06 | Construir | House |
| 15:08 | Construir | House |
| 15:15 | Crear | Villager (Male) |
| 15:19 | Construir | Town Center |
| 15:33 | Crear | Mangonel |
| 15:33 | Crear | Mangonel |
| 15:45 | Construir | Farm |
| 15:46 | Crear | Villager (Male) |
| 15:54 | Construir | Farm |
| 15:55 | Investigar | Loom |
| 15:57 | Construir | Farm |
| 16:16 | Crear | Villager (Male) |
| 16:17 | Construir | Town Center |
| 16:32 | Crear | Villager (Male) |
| 16:41 | Crear | Villager (Male) |
| 16:42 | Crear | Villager (Male) |
| 16:44 | Construir | Farm |
| 16:46 | Construir | Farm |
| 17:02 | Crear | Villager (Male) |
| 17:03 | Crear | Villager (Male) |
| 17:04 | Construir | Farm |
| 17:19 | Crear | Villager (Male) |
| 17:21 | Construir | Farm |
| 17:37 | Crear | Villager (Male) |
| 17:37 | Crear | Villager (Male) |
| 17:37 | Crear | Villager (Male) |
| 17:38 | Construir | Farm |
| 17:39 | Construir | Farm |
| 17:48 | Construir | Farm |
| 17:52 | Crear | Villager (Male) |
| 17:52 | Crear | Villager (Male) |
| 18:04 | Crear | Villager (Male) |
| 18:04 | Crear | Villager (Male) |
| 18:06 | Construir | Farm |
| 18:08 | Construir | Farm |
| 18:15 | Crear | Villager (Male) |
| 18:16 | Crear | Villager (Male) |
| 18:18 | Construir | Farm |
| 18:28 | Crear | Villager (Male) |
| 18:28 | Crear | Villager (Male) |
| 18:33 | Construir | Farm |
| 18:36 | Crear | Villager (Male) |
| 18:36 | Crear | Villager (Male) |
| 18:38 | Crear | Villager (Male) |
| 18:38 | Crear | Villager (Male) |
| 18:53 | Crear | Villager (Male) |
| 18:54 | Crear | Villager (Male) |
| 19:04 | Construir | Town Center |
| 19:07 | Crear | Villager (Male) |
| 19:15 | Crear | Villager (Male) |
| 19:16 | Crear | Villager (Male) |
| 19:16 | Crear | Villager (Male) |
| 19:29 | Construir | Watch Tower |
| 19:36 | Crear | Villager (Male) |
| 19:45 | Crear | Villager (Male) |
| 19:49 | Construir | Blacksmith |
| 19:51 | Crear | Villager (Male) |
| 19:51 | Crear | Villager (Male) |
| 19:59 | Crear | Villager (Male) |
| 20:00 | Crear | Villager (Male) |
| 20:01 | Crear | Scorpion |
| 20:12 | Crear | Villager (Male) |
| 20:12 | Crear | Villager (Male) |
| 20:14 | Crear | Villager (Male) |
| 20:15 | Crear | Villager (Male) |
| 20:28 | Crear | Villager (Male) |
| 20:38 | Crear | Villager (Male) |
| 20:39 | Crear | Villager (Male) |
| 20:40 | Construir | Market |
| 20:41 | Crear | Villager (Male) |
| 20:41 | Crear | Villager (Male) |
| 20:46 | Construir | Farm |
| 20:54 | Construir | Watch Tower |
| 21:05 | Investigar | Fletching |
| 21:06 | Crear | Villager (Male) |
| 21:06 | Crear | Villager (Male) |
Build order — avlid
Primeras 150 de 208 acciones detectadas
| 0:00 | Crear | Villager (Male) |
| 0:00 | Crear | Villager (Male) |
| 0:04 | Construir | House |
| 0:05 | Construir | House |
| 0:47 | Crear | Villager (Male) |
| 0:47 | Crear | Villager (Male) |
| 0:47 | Crear | Villager (Male) |
| 1:26 | Construir | Mill |
| 1:28 | Crear | Villager (Male) |
| 1:28 | Crear | Villager (Male) |
| 1:58 | Crear | Villager (Male) |
| 1:59 | Crear | Villager (Male) |
| 2:21 | Crear | Villager (Male) |
| 2:22 | Crear | Villager (Male) |
| 2:46 | Crear | Villager (Male) |
| 2:47 | Crear | Villager (Male) |
| 2:47 | Crear | Villager (Male) |
| 3:09 | Crear | Villager (Male) |
| 3:09 | Crear | Villager (Male) |
| 3:09 | Crear | Villager (Male) |
| 4:01 | Crear | Villager (Male) |
| 4:13 | Construir | House |
| 4:20 | Crear | Villager (Male) |
| 4:20 | Crear | Villager (Male) |
| 4:26 | Construir | Lumber Camp |
| 4:52 | Crear | Villager (Male) |
| 4:52 | Crear | Villager (Male) |
| 5:00 | Construir | House |
| 5:39 | Crear | Villager (Male) |
| 5:57 | Crear | Villager (Male) |
| 6:28 | Crear | Villager (Male) |
| 6:30 | Crear | Villager (Male) |
| 6:33 | Construir | Mining Camp |
| 7:28 | Investigar | Loom |
| 7:45 | Investigar | Feudal Age |
| 8:00 | Construir | House |
| 8:28 | Crear | Villager (Male) |
| 8:31 | Crear | Villager (Male) |
| 8:38 | Construir | Palisade Wall |
| 8:52 | Construir | Palisade Wall |
| 8:53 | Construir | Palisade Wall |
| 8:59 | Construir | Palisade Wall |
| 10:00 | Edad | Edad Feudal |
| 10:02 | Construir | Market |
| 10:05 | Construir | Blacksmith |
| 10:20 | Construir | Mining Camp |
| 10:38 | Construir | Palisade Wall |
| 10:50 | Investigar | Castle Age |
| 10:51 | Investigar | Castle Age |
| 13:01 | Crear | Villager (Male) |
| 13:11 | Investigar | Town Watch |
| 13:30 | Edad | Edad de los Castillos |
| 13:33 | Construir | Castle |
| 13:53 | Crear | Villager (Male) |
| 14:12 | Construir | Mining Camp |
| 14:23 | Crear | Organ Gun |
| 14:30 | Construir | Monastery |
| 14:59 | Crear | Villager (Male) |
| 15:15 | Crear | Monk |
| 15:19 | Construir | Outpost |
| 15:23 | Construir | Outpost |
| 15:24 | Construir | Outpost |
| 15:26 | Crear | Villager (Male) |
| 15:52 | Construir | Outpost |
| 16:19 | Crear | Villager (Male) |
| 16:23 | Construir | House |
| 16:40 | Crear | Monk |
| 16:54 | Construir | Monastery |
| 17:14 | Construir | Mill |
| 17:23 | Investigar | Sanctity |
| 17:32 | Crear | Villager (Male) |
| 17:50 | Crear | Villager (Male) |
| 18:16 | Investigar | Redemption |
| 18:23 | Crear | Villager (Male) |
| 18:39 | Crear | Monk |
| 18:41 | Crear | Villager (Male) |
| 18:53 | Crear | Monk |
| 18:53 | Crear | Monk |
| 18:53 | Crear | Monk |
| 18:58 | Crear | Organ Gun |
| 19:06 | Crear | Villager (Male) |
| 19:29 | Crear | Monk |
| 19:30 | Crear | Monk |
| 19:31 | Crear | Villager (Male) |
| 19:52 | Crear | Organ Gun |
| 19:58 | Crear | Villager (Male) |
| 20:21 | Construir | Outpost |
| 20:29 | Crear | Monk |
| 20:29 | Crear | Monk |
| 20:33 | Construir | House |
| 20:52 | Construir | Outpost |
| 21:06 | Construir | Outpost |
| 21:31 | Construir | Outpost |
| 21:36 | Construir | Castle |
| 21:57 | Construir | Mill |
| 22:03 | Crear | Villager (Male) |
| 22:03 | Crear | Villager (Male) |
| 22:03 | Crear | Villager (Male) |
| 22:03 | Crear | Villager (Male) |
| 22:07 | Crear | Monk |
| 22:07 | Crear | Monk |
| 22:20 | Construir | Outpost |
| 22:49 | Crear | Organ Gun |
| 23:09 | Construir | Mining Camp |
| 23:22 | Crear | Villager (Male) |
| 23:22 | Crear | Villager (Male) |
| 23:23 | Crear | Villager (Male) |
| 23:44 | Crear | Villager (Male) |
| 23:53 | Crear | Mangonel |
| 24:38 | Crear | Mangonel |
| 25:17 | Construir | Outpost |
| 25:20 | Crear | Villager (Male) |
| 25:33 | Crear | Villager (Male) |
| 25:33 | Crear | Villager (Male) |
| 25:35 | Crear | Monk |
| 25:35 | Crear | Monk |
| 25:38 | Crear | Organ Gun |
| 25:38 | Crear | Organ Gun |
| 26:02 | Construir | Monastery |
| 26:06 | Crear | Villager (Male) |
| 26:06 | Crear | Villager (Male) |
| 26:14 | Crear | Villager (Male) |
| 26:25 | Construir | Lumber Camp |
| 27:03 | Crear | Mangonel |
| 27:13 | Crear | Villager (Male) |
| 27:13 | Crear | Villager (Male) |
| 27:13 | Crear | Villager (Male) |
| 27:15 | Crear | Monk |
| 27:18 | Construir | House |
| 27:33 | Construir | Mining Camp |
| 27:41 | Crear | Organ Gun |
| 27:41 | Crear | Organ Gun |
| 27:53 | Construir | Lumber Camp |
| 28:15 | Construir | Lumber Camp |
| 28:17 | Construir | Farm |
| 28:17 | Construir | Farm |
| 28:17 | Construir | Farm |
| 28:17 | Construir | Farm |
| 28:17 | Construir | Farm |
| 28:18 | Construir | Farm |
| 28:40 | Crear | Monk |
| 28:51 | Crear | Organ Gun |
| 28:52 | Crear | Organ Gun |
| 29:01 | Crear | Villager (Male) |
| 29:01 | Crear | Villager (Male) |
| 29:02 | Crear | Mangonel |
| 29:05 | Construir | Farm |
| 29:06 | Construir | Farm |
| 29:06 | Construir | Farm |
| 29:15 | Construir | Outpost |
Cronología de la partida
| 8:38 | avlid · wall_segment Palisade Wall x3 |
| 8:52 | avlid · wall_segment Palisade Wall x1 |
| 8:53 | avlid · wall_segment Palisade Wall x1 |
| 8:59 | avlid · wall_segment Palisade Wall x1 |
| 10:00 | avlid · age_up feudal |
| 10:38 | avlid · wall_segment Palisade Wall x3 |
| 11:20 | VIT | Hera · age_up feudal |
| 12:56 | avlid · first_market_sell 100 wood |
| 12:57 | avlid · first_market_buy 100 stone |
| 13:30 | avlid · age_up castle |
| 13:33 | avlid · first_building Castle |
| 14:30 | avlid · first_building Monastery |
| 14:49 | VIT | Hera · wall_segment Palisade Wall x1 |
| 14:50 | VIT | Hera · age_up castle |
| 14:57 | VIT | Hera · first_building Siege Workshop |
| 18:43 | VIT | Hera · first_market_buy 100 wood |
| 21:04 | VIT | Hera · first_market_sell 100 wood |
| 23:23 | VIT | Hera · wall_segment Palisade Wall x1 |
| 27:13 | VIT | Hera · first_building Barracks |
| 29:53 | avlid · first_building Siege Workshop |
| 30:21 | VIT | Hera · first_building Castle |
| 34:37 | avlid · first_building Barracks |
| 34:40 | avlid · first_building Stable |
| 35:07 | VIT | Hera · wall_segment Palisade Wall x1 |
| 35:34 | VIT | Hera · age_up imperial |
| 37:54 | VIT | Hera · first_building Monastery |
| 37:56 | avlid · resign |
[ ANÁLISIS IA · 1 CRÉDITO ]
¿Qué pasó realmente en esta partida?
Wolo.gg analiza cada decisión: build order, eco, micro, errores típicos por bracket. Análisis personalizado por WhatsApp o Discord en 30 segundos.
Guía civ
Vietnamitas
Perfil
Jugador #199325